 Seeded DCSS version 0.25.1-2-g60ff931df9 (webtiles) character file.

Game seed: 20201010 (custom seed)

146 sahdkjhfkaj the Ruffian (level 5, 0/53 HPs)
             Began as a Troll Monk on Oct 10, 2020.
             Killed from afar by an orc wizard (4 damage)
             ... with a puff of flame
             ... on level 4 of the Dungeon.
             The game lasted 00:02:20 (1788 turns).

sahdkjhfkaj the Ruffian (Troll Monk)                Turns: 1788, Time: 00:02:21

Health: 0/53       AC:  6    Str: 20    XL:     5   Next: 7%
Magic:  4/4        EV: 10    Int:  6    God:
Gold:   86         SH:  0    Dex: 12    Spells: 4/4 levels left

rFire    . . .     SeeInvis .     - Unarmed
rCold    + . .     Gourm    +   (no shield)
rNeg     . . .     Faith    .   a - +0 robe
rPois    .         Spirit   .   (helmet restricted)
rElec    .         Reflect  .   (no cloak)
rCorr    .         Harm     .   (gloves unavailable)
MR       .....                  (boots unavailable)
Stlth    ++........             (no amulet)
HPRegen  0.57/turn              k - ring of protection from cold
MPRegen  0.09/turn              (no ring)

@: lethally poisoned (0 -> -1)
A: large, unfitting armour, claws 3, fast metabolism 3, gourmand, regeneration
1, shaggy fur 1, tough skin 3
a: no special abilities


You were on level 4 of the Dungeon.
You were completely stuffed.

You visited 1 branch of the dungeon, and saw 4 of its levels.

You collected 86 gold pieces.

Inventory:

Armour
 a - a +0 robe (worn)
Jewellery
 k - a ring of protection from cold (left claw)
Scrolls
 d - a scroll of magic mapping
 f - a scroll of teleportation
 g - 2 scrolls of remove curse
 j - a scroll of fog
Potions
 i - a potion of might
Comestibles
 b - 11 rations
 c - a chunk of flesh


   Skills:
 + Level 3.4 Fighting
 - Level 2.4 Dodging
 - Level 1.0 Stealth
 - Level 5.0 Unarmed Combat


You had 4 spell levels left.
You didn't know any spells.
Your spell library was empty.

Dungeon Overview and Level Annotations

Branches:
Dungeon (4/15)
 Temple: D:4-7

Altars:
Fedhas
Kikubaaqudgha
Ru
Sif Muna


Innate Abilities, Weirdness & Mutations

You are too large for most types of armour.
You have claws for hands.
Your metabolism is lightning-fast.
You like to eat raw meat.
Your natural rate of healing is unusually fast.
You are covered in fur. (AC +1)
You have extremely tough skin. (AC +3)


Message History

You are confused.
The phantom closely misses you.
The worker ant bites you but does no damage.
You are too confused!
You're too confused to move!
The orc hits you with a +0 club. x2
The orc wizard completely misses you. The orc hits you with a +0 flail!
The phantom hits you but does no damage.
The worker ant bites you!
* * * LOW HITPOINT WARNING * * *
Unknown command.
Unknown command.
You feel better. The orc closely misses you. The orc hits you with a +0 club!
* * * LOW HITPOINT WARNING * * *
The worker ant bites you!
* * * LOW HITPOINT WARNING * * *
You are poisoned.
The worker ant poisons you!
The orc wizard points at you and mumbles some strange words.
The puff of flame hits you.
You die...

#.....##........
#...............
##....#.........
#...............
#...............
#........[......
###......)ao$.....
.........W@oS.....
##.....#.oo......
#.....#.........
#..<..#.........
#.....##########
#.....# #.....#
#.....# #######


You could see a phantom, a worker ant, an orc wizard, an adder and 3 orcs.

Vanquished Creatures
  An orc wizard (D:4)
  An adder (D:2)
  2 oozes (D:2)
  A worm (D:2)
  7 dart slugs
  5 leopard geckos
  3 giant cockroaches
  11 goblins
  10 hobgoblins
  2 jackals (D:3)
  2 ball pythons (D:2)
  10 bats
  6 frilled lizards
  8 kobolds
  8 rats
77 creatures vanquished.

Notes
Turn   | Place    | Note
-------+----------+-------------------------------------------
     0 | D:1      | sahdkjhfkaj the Troll Monk began the quest for the Orb.
     0 | D:1      | Reached XP level 1. HP: 22/22 MP: 0/0
    83 | D:1      | Reached XP level 2. HP: 26/29 MP: 1/1
   125 | D:1      | Reached skill level 4 in Unarmed Combat
   216 | D:1      | Reached XP level 3. HP: 36/36 MP: 2/2
   872 | D:2      | Reached XP level 4. HP: 36/45 MP: 3/3
  1077 | D:2      | Found an ancient bone altar of Kikubaaqudgha.
  1077 | D:2      | Found a blossoming altar of Fedhas.
  1082 | D:2      | Found a faded altar of an unknown god.
  1084 | D:2      | Found a shimmering blue altar of Sif Muna.
  1085 | D:2      | Found a faded altar of an unknown god.
  1415 | D:3      | Reached skill level 5 in Unarmed Combat
  1527 | D:3      | Found a sacrificial altar of Ru.
  1775 | D:4      | Noticed a phantom
  1781 | D:4      | Reached XP level 5. HP: 45/53 MP: 4/4
  1788 | D:4      | Killed from afar by an orc wizard

Illustrated notes

Levels and vault maps discovered:
D:1:      heliophobic_arrival_ceremonial_halls, layout_basic,
          minmay_fountain_box, grunt_decor_resistance
D:2:      layout_rooms, chequers_temple_overflow_minitemple
D:3:      layout_loops_ring, lemuel_doored_altar
D:4:      layout_basic, eat_drink_and_be_merry_uskayaw,
          overflow_temple_1_default, serial_shops, shop, first_ration,
          grunt_ministairs_15, nicolae_zen_rock_garden, uniq_ijyb

Skill      XL: |  1  2  3  4 |
---------------+-------------+-----
Unarmed Combat | 4 5 |  5.0
Fighting       | 3 |  3.4
Dodging        | |  2.4
Stealth        | |  1.0

Action                   |  1- 3 |  4- 6 || total
-------------------------+-------+-------++-------
Melee: Unarmed           |   106 |    85 ||   191
       Punch             |     4 |     1 ||     5
  Use: Scroll            |       |     6 ||     6
       Potion            |       |     1 ||     1
 Stab: Distracted        |     2 |       ||     2
       Sleeping          |     1 |     3 ||     4
  Eat: Chunk             |    13 |     9 ||    22
Armor: Robe              |    54 |    39 ||    93
Dodge: Dodged            |    81 |    45 ||   126
